 Dungeon Crawl Stone Soup version 0.29-a0-824-gd827844252 (webtiles) character file.

Game seed: 12519540477357539016

30 gobodom the Vexing (level 3, -5/25 HPs)
             Began as a Demonspawn Enchanter on July 9, 2022.
             Slain by Terence
             ... wielding a +0 hand axe
              (6 damage)
             ... on level 2 of the Dungeon.
             The game lasted 00:03:08 (1644 turns).

gobodom the Vexing (Demonspawn Enchanter)           Turns: 1644, Time: 00:03:08

Health: -5/25      AC:  2    Str:  8    XL:     3   Next: 5%
Magic:  1/6        EV: 12    Int: 18    God:
Gold:   63         SH:  0    Dex: 13    Spells: 4/6 levels left

rFire   . . .      SeeInvis .   a - +1 dagger
rCold   . . .      Faith    .   (no shield)
rNeg    + . .      Spirit   .   b - +0 robe
rPois   .          Reflect  .   (no helmet)
rElec   .          Harm     .   (no cloak)
rCorr   .          Rampage  .   (no gloves)
Will    .....                   (no boots)
Stlth   ++........              (no amulet)
HPRegen 0.08/turn               i - ring of positive energy
MPRegen 0.10/turn               (no ring)

@: no status effects
A: ignite blood 1
a: no special abilities


You were on level 2 of the Dungeon.
You visited 1 branch of the dungeon, and saw 2 of its levels.

You collected 63 gold pieces.

Inventory:

Hand Weapons
 a - a +1 dagger (weapon)
Armour
 b - a +0 robe (worn)
Jewellery
 i - a ring of positive energy (left hand)
Scrolls
 d - 2 scrolls of brand weapon {unknown}
 f - 2 scrolls of fog {unknown}
Potions
 c - 2 potions of invisibility
 e - 2 potions of cancellation {unknown}
 h - a potion of heal wounds {unknown}


   Skills:
 + Level 0.8 Fighting
 + Level 1.0 Short Blades
 + Level 2.0 Dodging
 + Level 2.9 Stealth
 + Level 2.3 Spellcasting
 + Level 3.3 Hexes


You had 4 spell levels left.
You knew the following spells:

 Your Spells              Type           Power      Damage    Failure   Level
a - Ensorcelled Hibernat  Hex/Ice        16%        N/A       13%         2

Your spell library contained the following spells:

 Spells                   Type           Power      Damage    Failure   Level
 Confusing Touch          Hex            14%        N/A       13%         3
 Tukima's Dance           Hex            14%        N/A       13%         3
 Dazzling Flash           Conj/Hex       16%        N/A       26%         3


Dungeon Overview and Level Annotations

Branches:
Dungeon (2/15)

Altars:

Annotations:
D:2 Terence


Innate Abilities, Weirdness & Mutations

Your demonic aura sometimes causes spilled blood to erupt in flames.


Message History

You are no longer poisoned.
You start resting.
Magic restored.
You start resting.
HP restored.
f - 2 scrolls labelled SASUSTRURESS (gained 1)
A kobold comes into view. It is wielding a +0 club.
Terence the Incautious comes into view.
He is wielding a +0 hand axe.
Terence shouts!
A giant cockroach comes into view.
The kobold misses you.
The kobold looks drowsy...
The helpless kobold fails to defend itself.
You puncture the kobold!
You kill the kobold!
Terence hits you with a +0 hand axe.
Things that are here:
a +0 club; a kobold corpse Terence looks drowsy...
The helpless Terence fails to defend himself.
You puncture Terence!
Terence is moderately wounded.
Terence hits you with a +0 hand axe.
Terence is unaffected.
Terence hits you with a +0 hand axe!
A kobold comes into view. It is wielding a +0 whip.
The kobold shouts!
You hit Terence but do no damage.
Terence is moderately wounded.
Terence closely misses you.
You hit Terence but do no damage.
Terence is moderately wounded.
Terence misses you.
You hit Terence.
Terence is heavily wounded.
Terence hits you with a +0 hand axe!
* * * LOW HITPOINT WARNING * * *
As you read the scroll labelled CALETHR FAULL, it crumbles to dust.
You hear a loud clanging noise!
It was a scroll of noise.
Terence hits you with a +0 hand axe.
You die...

...
#..........#.#...#
#..
#.##.......#.###.#
.<........####.#.#
#.# #...#.#####
#.#.# #.#
####.#.###.##
#...........#
##..###.####.#
.####...# #......#
.......@# #.###..#
.####.##@B.## #..#
#.# #K## #... ..#
.# #.## ### # #.
#.


You could see Terence, a giant cockroach and a kobold.

Vanquished Creatures
  An adder (D:2)
  2 dart slugs (D:1)
  A ball python (D:1)
  3 bats (D:1)
  A giant cockroach (D:1)
  2 goblins
  2 hobgoblins (D:1)
  A frilled lizard (D:2)
  2 kobolds
  3 rats (D:1)
18 creatures vanquished.

Notes
Turn   | Place    | Note
-------+----------+-------------------------------------------
     0 | D:1      | gobodom the Demonspawn Enchanter began the quest for the
                  | Orb.
     0 | D:1      | Reached XP level 1. HP: 13/13 MP: 3/3
   584 | D:1      | Gained mutation: Your demonic aura sometimes causes spilled
                  | blood to erupt in flames. [demonic ancestry]
   584 | D:1      | Reached XP level 2. HP: 16/20 MP: 5/5
   587 | D:1      | Learned a level 2 spell: Ensorcelled Hibernation
  1443 | D:2      | Reached skill level 1 in Short Blades
  1443 | D:2      | Reached XP level 3. HP: 11/25 MP: 1/6
  1634 | D:2      | Noticed Terence
  1643 | D:2      | HP: 1/25 [Terence/+0 hand axe (7)]
  1644 | D:2      | Slain by Terence

Illustrated notes

Levels and vault maps discovered:
D:1:      dpeg_arrival_line_fractal, layout_basic,
          nicolae_concentric_dashed_squares_mild, corexii_corridor_pit
D:2:      layout_loops_ring, hellmonk_ecumenical_altar_inner_sanctum,
          uniq_terence

Skill      XL: |  1  2 |
---------------+-------+-----
Short Blades   | 1 |  1.0
Dodging        | 2 |  2.0
Fighting       | |  0.8
Stealth        | |  2.9
Spellcasting   | |  2.3
Hexes          | |  3.3

Action                   || total
-------------------------++-------
Melee: Dagger            ||    54
       Punch             ||     1
 Cast: Ensorcelled Hiber ||    12
  Use: Scroll            ||     1
 Stab: Sleeping          ||     6
Armor: Robe              ||    10
Dodge: Dodged            ||    33

Table legend: (Time is in decaauts)
 A = Elapsed time spent in this place.
 B = Non-inter-level travel time spent in this place.
 C = Inter-level travel time spent in this place.
 D = Time resting spent in this place.
 E = Time spent auto-exploring this place.
 F = Levels seen in this place.
 G = Mean time per level.
                   A        B        C        D        E       F      G
               +--------+--------+--------+--------+--------+-----+--------+
         Total |   1640 |   1566 |     74 |    180 |   1231 |   2 |  820.0 |
       Dungeon |   1640 |   1566 |     74 |    180 |   1231 |   2 |  820.0 |
               +--------+--------+--------+--------+--------+-----+--------+

Top non-repeatable levels by time:
     D:1: 1208 daAuts
     D:2: 432 daAuts
